 Dungeon Crawl Stone Soup version 0.29.1-15-g9cfb28693d (webtiles) character file.

Game seed: 17245538477080462952

447 Barneous the Firebug (level 7, 0/45 HPs)
             Began as an Octopode Wanderer on Mar 13, 2023.
             Succumbed to a scorpion's poison
             ... on level 5 of the Dungeon.
             The game lasted 00:16:26 (5060 turns).

Barneous the Firebug (Octopode Wanderer)            Turns: 5060, Time: 00:16:26

Health: 0/45       AC:  1    Str: 10    XL:     7   Next: 3%
Magic:  5/10       EV: 12    Int: 15    God:
Gold:   245        SH:  0    Dex: 14    Spells: 7/11 levels left

rFire   . . .      SeeInvis .   k - +2 dagger (freeze)
rCold   . . .      Faith    .   (no shield)
rNeg    . . .      Spirit   .   (helmet restricted)
rPois   .          Reflect  .   (no amulet)
rElec   .          Harm     .   (no ring)
rCorr   .          Rampage  .   (no ring)
Will    .....                   (no ring)
Stlth   ++++......              (no ring)
HPRegen 0.15/turn               (no ring)
MPRegen 0.12/turn               (no ring)
                                (no ring)
                                (no ring)

@: lethally poisoned (0 -> -7)
A: almost no armour, amphibious, 8 rings, camouflage 1, gelatinous body 1,
(nimble swimmer 1), tentacles
a: no special abilities


You were on level 5 of the Dungeon.
You visited 1 branch of the dungeon, and saw 5 of its levels.

You collected 245 gold pieces.

Inventory:

Hand Weapons
 a - a +0 hand axe
 k - a +2 dagger of freezing (weapon)
Jewellery
 d - an amulet of faith
Wands
 h - a wand of charming (5)
 j - a wand of polymorph (5)
Scrolls
 c - a scroll of fear
 g - a scroll of teleportation
 i - a scroll of amnesia
Potions
 e - a potion of brilliance
 f - a potion of flight
 l - a potion of heal wounds
 m - a potion of lignification {unknown}
Miscellaneous
 b - a piece from Xom's chessboard (15/15)


   Skills:
 + Level 2.9 Fighting
 + Level 0.7 Short Blades
 - Level 3.2 Axes
 + Level 4.0 Stealth
 + Level 2.6 Spellcasting
 + Level 4.1 Fire Magic
 + Level 3.7 Evocations


You had 7 spell levels left.
You knew the following spells:

 Your Spells              Type           Power      Damage    Failure   Level
a - Foxfire               Conj/Fire      32%        2x1d5     9%          1
b - Conjure Flame         Conj/Fire      8%         6-21      26%         3

Your spell library contained the following spells:

 Spells                   Type           Power      Damage    Failure   Level
 Ignite Poison            Fire/Tmut/Pois 6%         N/A       34%         3
 Cause Fear               Hex            0%         N/A       91%         4
 Dragon Form              Tmut           0%         N/A       100%        7
 Dragon's Call            Summ           0%         N/A       100%        9


Dungeon Overview and Level Annotations

Branches:
Dungeon (5/15)
 Temple: D:4-7

Altars:
Ashenzari
Wu Jian

Shops:
D:1 ?!


Innate Abilities, Weirdness & Mutations

You cannot wear most types of armour.
You are amphibious.
You can wear up to eight rings at the same time.
Your skin changes colour to match your surroundings (Stealth+).
Your rubbery body absorbs attacks. (AC +1, EV +1)
((You are camouflaged when in or above water. (Stealth+)))
You have tentacles for arms and can constrict up to eight enemies at once.


Message History

You hit the howler monkey. You freeze the howler monkey.
You kill the howler monkey!
Your life force feels restored.
Your Stealth skill increases to level 4!
You have reached level 7!
You start resting.
A scorpion comes into view.
Casting: Foxfire (safe; 9% risk of failure)
Press: ? - help, Q - select action, (/) - cycle Dir - look around, f - activate You conjure some foxfire!
The foxfire hits the scorpion but does no damage.
Casting: Foxfire (safe; 9% risk of failure)
Press: ? - help, Q - select action, (/) - cycle Dir - look around, f - activate You conjure some foxfire!
Your foxfire dissipates!
Your foxfire dissipates!
Casting: Foxfire (safe; 9% risk of failure)
Press: ? - help, Q - select action, (/) - cycle Dir - look around, f - activate You conjure some foxfire!
The foxfire hits the scorpion.
The scorpion is lightly wounded.
The foxfire hits the scorpion but does no damage.
The scorpion is lightly wounded.
The scorpion stings you.
* * * LOW HITPOINT WARNING * * *
You are lethally poisoned!
The scorpion poisons you!
You hit the scorpion but do no damage. Your grab misses the scorpion.
Your squeeze misses the scorpion.
The scorpion is lightly wounded.
* * * LOW HITPOINT WARNING * * *
You feel very sick. The scorpion barely misses you.
You hit the scorpion. You freeze the scorpion. Your grab misses the scorpion.
The scorpion is moderately wounded.
* * * LOW HITPOINT WARNING * * *
You feel sick. The scorpion barely misses you.
You hit the scorpion. You freeze the scorpion. Your grab misses the scorpion.
The scorpion is severely wounded.
You die...

##### #...#
###...###
#.......##
#........#
#........#
#.<.##.###.
#........).
#.@.######
##s##
##.#####.###
#..sv§§....#
.#########.#
.# . .~ ≈≈


You could see a scorpion.

Vanquished Creatures
  A centaur (D:4)
  A necrophage (D:5)
  A howler monkey (D:5)
  A hound (D:4)
  An iguana (D:4)
  Robin (D:4)
  4 adders
  7 gnolls
  A white imp (D:5)
  An ufetubus (D:4)
  2 endoplasms
  11 goblins
  6 hobgoblins
  12 jackals
  10 kobolds
  5 quokkas
  10 ball pythons
  4 bats
  8 frilled lizards
  11 rats
98 creatures vanquished.

Vanquished Creatures (others)
  141 foxfires
141 creatures vanquished.

Grand Total: 239 creatures vanquished

Notes
Turn   | Place    | Note
-------+----------+-------------------------------------------
     0 | D:1      | Barneous the Octopode Wanderer began the quest for the Orb.
     0 | D:1      | Barneous set off with the following items: a +0 hand axe, a
                  | piece from Xom's chessboard (15/15), a scroll of fear; and
                  | the following spell memorised: Foxfire; and the following
                  | spells available to memorise: Conjure Flame, Ignite Poison.
     0 | D:1      | Reached XP level 1. HP: 13/13 MP: 2/2
   212 | D:1      | Found Yrot's Magic Scroll Shop.
   275 | D:1      | Reached XP level 2. HP: 15/18 MP: 1/3
   371 | D:1      | Found a faded altar of an unknown god.
   777 | D:1      | Found Vuiz's Distillery.
  1286 | D:2      | Reached XP level 3. HP: 23/23 MP: 3/5
  2262 | D:3      | Found an ornate altar of the Wu Jian Council.
  2603 | D:3      | Reached XP level 4. HP: 28/28 MP: 2/6
  3305 | D:3      | Found a broken altar of Ashenzari.
  3598 | D:4      | Noticed Robin
  3638 | D:4      | Reached XP level 5. HP: 17/34 MP: 5/7
  3666 | D:4      | Killed Robin
  3853 | D:4      | Learned a level 3 spell: Conjure Flame
  4493 | D:4      | Reached XP level 6. HP: 16/41 MP: 9/9
  4828 | D:4      | Identified the +2 robe "Puuffy" {rPois}
  5022 | D:5      | Entered Level 5 of the Dungeon
  5046 | D:5      | Reached XP level 7. HP: 9/45 MP: 6/10
  5059 | D:5      | HP: 2/45 [poisoned by a scorpion]
  5060 | D:5      | Succumbed to a scorpion's poison

Illustrated notes

Levels and vault maps discovered:
D:1:      sevenhm_arrival_forest_fort_small_1, layout_basic, serial_shops, shop,
          shop, hellmonk_ecumenical_altar_run_dry, minmay_lizard_pond
D:2:      layout_basic, minmay_pentomino_r4
D:3:      layout_rooms, nicolae_ashenzari_panopticon, nzn_wu_jian_council_hall,
          minmay_increasing_density
D:4:      layout_basic, interstate_on_off, uniq_robin
D:5:      layout_loops_ring, makhleb_altar_promises_db, fedhas_ov_isle_minmay,
          serial_shops, nicolae_diamond_shop

Skill      XL: |  1  2  3  4  5  6 |
---------------+-------------------+-----
Stealth        | 2 3 4 |  4.0
Evocations     | 3 |  3.7
Fighting       | 2 |  2.9
Spellcasting   | 2 |  2.6
Axes           | 3 |  3.2
Fire Magic     | 4 |  4.1
Short Blades   | |  0.7

Action                   |  1- 3 |  4- 6 |  7- 9 || total
-------------------------+-------+-------+-------++-------
Melee: Hand axe          |    28 |    44 |       ||    72
       Constrict         |     8 |    26 |       ||    34
       Tentacles         |     2 |    26 |       ||    28
       Punch             |     1 |     1 |       ||     2
       Dagger            |       |    54 |     3 ||    57
 Cast: Foxfire           |    38 |    45 |     3 ||    86
       Conjure Flame     |       |     2 |       ||     2
Evoke: Piece from Xom's  |       |     2 |       ||     2
  Use: Scroll            |     5 |     4 |       ||     9
       Potion            |     4 |     3 |       ||     7
 Stab: Sleeping          |     2 |     2 |       ||     4
Armor: Skin              |     4 |    27 |       ||    31
Dodge: Dodged            |    19 |    42 |     2 ||    63
